 Dungeon Crawl Stone Soup version 0.17.1-3-g152610e (webtiles) character file.

207 Pidor the Sneak (level 5, 21/21 HPs)
             Began as a Felid Wizard on Apr 11, 2016.
             Quit the game on level 5 of the Dungeon.
             The game lasted 00:25:35 (8430 turns).

Pidor the Sneak (Felid Wizard)                      Turns: 8430, Time: 00:25:35

Health: 21/21      AC:  2    Str:  3    XL:     5   Next: 54%
Magic:  13/13      EV: 18    Int: 21    God:
Gold:   118        SH:  0    Dex: 15    Spells: 5 memorised, 4 levels left
                                        Lives:  0   Deaths: 2

rFire  + . .     SeeInvis +       - Unarmed
rCold  . . .     Clarity  .     (armour unavailable)
rNeg   . . .     SustAt   .     (shield unavailable)
rPois  .         Gourm    .     (helmet unavailable)
rElec  .         Spirit   .     (cloak unavailable)
rCorr  .         Warding  .     (gloves unavailable)
rMut   .         Stasis   .     (boots unavailable)
MR     .....                    (no amulet)
Stlth  ++++......               y - ring of invisibility
                                m - ring of protection from fire

@: repel missiles, quick, not resistant to hostile enchantments, stealthy
A: no armour, no weapons or thrown items, claws 1, fangs 3, see invisible,
carnivore 3, speed 1, mutation resistance 1, shaggy fur 2, slow metabolism 1,
sharp paws
a: Evoke Invisibility


You were on level 5 of the Dungeon.
You were not hungry.

You visited 1 branch of the dungeon, and saw 5 of its levels.

You collected 118 gold pieces.

Inventory:

Jewellery
 k - an uncursed ring of stealth
 m - a ring of protection from fire (left paw)
 u - an uncursed ring of protection from magic
 y - a ring of invisibility (right paw)
Wands
 n - a wand of frost (17)
Scrolls
 c - a scroll of blinking
 e - a scroll of magic mapping {unknown}
 f - a scroll of fog {unknown}
 g - 2 scrolls of fear
 h - a scroll of enchant armour {unknown}
 l - a scroll of noise {unknown}
 o - a scroll of amnesia {unknown}
 p - 2 scrolls of remove curse {unknown}
 r - a scroll of identify
 s - 2 scrolls of teleportation
 v - a scroll of recharging {unknown}
Potions
 d - 2 potions of agility
 q - a potion of cure mutation
 t - a potion of flight
 w - a potion of heal wounds
 x - a potion of ambrosia
 z - a potion of resistance {unknown}
Books
 a - a book of Minor Magic

   Spells                             Type                      Level
   a - Magic Dart                     Conjuration                  1
   b - Blink                          Translocation                2
   c - Call Imp                       Summoning                    2
   d - Repel Missiles                 Charms/Air                   2
   e - Slow                           Hexes                        2
   f - Conjure Flame                  Conjuration/Fire             3
   g - Mephitic Cloud                 Conjuration/Poison/Air       3
Comestibles
 b - 2 meat rations
 i - a slice of pizza
 j - a royal jelly


   Skills:
 + Level 3.5 Dodging
 - Level 5.6 Stealth
 - Level 5.3 Unarmed Combat
 * Level 5.1 Spellcasting
 - Level 0.8 Conjurations
 + Level 2.1 Summonings
 - Level 1.5 Translocations


You had 4 spell levels left.
You knew the following spells:

 Your Spells              Type           Power        Failure   Level  Hunger
a - Magic Dart            Conj           #...         10%         1    None
b - Blink                 Tloc           N/A          12%         2    None
c - Call Imp              Summ           ##......     10%         2    None
d - Repel Missiles        Chrm/Air       #.....       17%         2    None
e - Mephitic Cloud        Conj/Pois/Air  #.......     30%         3    ##.....


Dungeon Overview and Level Annotations

Branches:
Dungeon (5/15)
 Temple: D:4-7

Altars:
Cheibriados
Dithmenos
Fedhas
Makhleb
Vehumet

Shops:
D:4 [

Annotations:
D:3 Grinder
D:5 riffraff's ghost, novice MiFi


Innate Abilities, Weirdness & Mutations

You cannot wear armour.
You are incapable of wielding weapons or throwing items.
You have sharp claws.
You have razor-sharp teeth.
You have supernaturally acute eyesight.
You are carnivorous and can eat meat at any time.
You cover ground quickly.
You are covered in thick fur (AC +2).
You have a slow metabolism.
Your sharp claws are effective at attacking unaware monsters.
You are somewhat resistant to further mutation.


Message History

Your crimson imp blinks!
Your crimson imp hits riffraff's ghost but does no damage.
Riffraff's ghost hits your crimson imp.
You scratch the orc.
The orc is lightly wounded.
Your crimson imp barely misses riffraff's ghost.
The orc hits you with a whip.
Riffraff's ghost closely misses your crimson imp.
You barely miss the orc. Your bite misses the orc.
The orc is lightly wounded.
Your crimson imp blinks!
The orc hits you with a whip.
* * * LOW HITPOINT WARNING * * *
You scratch the orc.
The orc is heavily wounded.
The orc hits you with a whip.
You die...
You are now level 5!
You rejoin the land of the living...
Are you sure you want to abandon this character and quit the game? (Confirm with "yes".)

#...........# #.##...
............# #.##..>
............# #.#####
............# #.# ............#
#.##### ............#############
#.((... .................(......#
#######
........................#########
................@................
..[..............................
.................................
.##.####.........................
..#.# #.###.....................
..#.####)# ####..................
..#....#.# #.#################
..####.#.######.# #...
..#..#.#.#......# ###...


There were no monsters in sight!

Vanquished Creatures
  Duvessa (D:4)
  An ogre (D:4)
  Dowan (D:4)
  3 crimson imps
  Crazy Yiuf (D:4)
  An orc wizard (D:5)
  Terence (D:2)
  Natasha (twice) (D:2)
  A worker ant (D:4)
  A hound skeleton (D:5)
  4 adders
  An ooze (D:1)
  3 worms
  7 orcs
  6 giant cockroaches
  12 goblins
  13 hobgoblins
  8 jackals
  8 kobolds
  2 quokkas
  A ball python (D:1)
  6 bats
  6 giant geckos
  3 giant newts (D:1)
  13 rats
106 creatures vanquished.

Vanquished Creatures (collateral kills)
  A sky beast (D:4)
  An orc wizard (D:3)
  A hound zombie (D:5)
  Robin (D:3)
  3 adders
  A worm (D:2)
  An orc (D:2)
  Natasha (D:2)
  A jackal (D:3)
  A goblin (D:2)
12 creatures vanquished.

Grand Total: 118 creatures vanquished

Notes
Turn   | Place    | Note
--------------------------------------------------------------
     0 | D:1      | Pidor the Felid Wizard began the quest for the Orb.
     0 | D:1      | Reached XP level 1. HP: 7/7 MP: 5/5
   404 | D:1      | Reached skill level 1 in Unarmed Combat
   404 | D:1      | Reached XP level 2. HP: 3/11 MP: 0/7
   846 | D:1      | Learned a level 2 spell: Blink
   849 | D:1      | Learned a level 2 spell: Call Imp
   852 | D:1      | Learned a level 2 spell: Repel Missiles
  1163 | D:1      | Reached XP level 3. HP: 14/14 MP: 5/8
  1662 | D:2      | Noticed Natasha
  1833 | D:1      | Reached XP level 4. HP: 11/18 MP: 2/10
  1959 | D:2      | Noticed Terence
  2267 | D:2      | Reached skill level 4 in Stealth
  2441 | D:2      | Killed Natasha
  2476 | D:2      | Killed Terence
  2511 | D:2      | Noticed Natasha
  2516 | D:2      | Killed Natasha
  2516 | D:2      | Reached XP level 5. HP: 17/21 MP: 1/11
  2609 | D:2      | Noticed Natasha
  2619 | D:2      | Killed Natasha
  2826 | D:2      | Learned a level 3 spell: Mephitic Cloud
  3037 | D:2      | Found a radiant altar of Vehumet.
  3037 | D:2      | Found a blossoming altar of Fedhas.
  3632 | D:3      | Noticed Robin
  4008 | D:3      | Killed Robin
  4697 | D:3      | Reached skill level 5 in Stealth
  4734 | D:3      | Noticed Grinder
  5304 | D:4      | Noticed Duvessa
  5304 | D:4      | Noticed Dowan
  5323 | D:4      | Killed Duvessa
  5323 | D:4      | Gained mutation: You are covered in thick fur (AC +2). [Felid growth]
  5323 | D:4      | Reached XP level 6. HP: 10/24 MP: 6/13
  5333 | D:4      | Killed Dowan
  5570 | D:4      | Found a shadowy altar of Dithmenos.
  5635 | D:4      | Found a snail-covered altar of Cheibriados.
  5656 | D:4      | Noticed Crazy Yiuf
  5665 | D:4      | Killed Crazy Yiuf
  5980 | D:4      | Found Gaeh's Armour Emporium.
  6014 | D:4      | Found a burning altar of Makhleb.
  6049 | D:4      | Noticed an ogre
  6133 | D:4      | Killed an ogre
  6133 | D:4      | Reached skill level 5 in Unarmed Combat
  6133 | D:4      | Reached XP level 7. HP: 27/27 MP: 11/14
  6601 | D:5      | Entered Level 5 of the Dungeon
  6658 | D:5      | Noticed riffraff's ghost (novice MiFi)
  6943 | D:5      | HP: 1/27 [sky beast (6)]
  7383 | D:4      | Gained mutation: You are somewhat resistant to further mutation. [mutagenic meat]
  7950 | D:5      | Reached skill level 5 in Spellcasting
  8351 | D:5      | Slain by riffraff's ghost
  8352 | D:5      | Reached XP level 6. HP: -5/24 MP: 10/14
  8429 | D:5      | Slain by an orc
  8430 | D:5      | Reached XP level 5. HP: 0/21 MP: 8/13
  8430 | D:5      | Quit the game

Action                   |  1- 3 |  4- 6 |  7- 9 || total
-------------------------+-------+-------+-------++-------
Melee: Unarmed           |    64 |   211 |    57 ||   332
 Cast: Magic Dart        |    63 |    56 |    25 ||   144
       Repel Missiles    |     1 |       |     1 ||     2
       Call Imp          |     3 |    47 |    12 ||    62
       Mephitic Cloud    |       |     2 |     2 ||     4
  Use: Scroll            |       |     3 |     5 ||     8
       Potion            |       |     3 |     1 ||     4
 Stab: Sleeping          |     2 |     3 |       ||     5
       Distracted        |       |     2 |     1 ||     3
       Confused          |       |     4 |     1 ||     5
  Eat: Chunk             |     9 |     9 |     4 ||    22
